 Dungeon Crawl Stone Soup version 0.32-a0-485-g70f7560b1c (webtiles) character file.

Game seed: 5990481019247525475

11438 jasper the Black Belt (level 11, 0/90 HPs)
             Began as a Merfolk Fighter on Feb 26, 2024.
             Was an Initiate of Gozag.
             Killed from afar by an acid dragon (17 damage)
             ... with a splash of acid
             ... on level 11 of the Dungeon.
             The game lasted 00:12:23 (10775 turns).

jasper the Black Belt (Merfolk Fighter)            Turns: 10775, Time: 00:12:24

Health: 0/90       AC: 14    Str: 16    XL:     11   Next: 77%
Magic:  11/11      EV: 19    Int:  8    God:    Gozag
Gold:   953        SH: 12    Dex: 24    Spells: 10/10 levels left

rFire   + .          .
                       - Unarmed
rCold   . . .        b - +1 buckler
rNeg    . . .        L - +6 ring mail of Amelioration {rElec rF+}
rPois   +            I - +1 helmet
rElec   +            C - +0 cloak
rCorr   .            B - +2 pair of gloves
SInv    .            D - +0 pair of boots
Will    .....        H - amulet of reflection
Stlth   +            K - ring of poison resistance
HPRegen 0.35/turn    q - +6 ring of dexterity
MPRegen 0.12/turn

%: reflection
@: corroded, gold aura
A: (nimble swimmer 2), mertail
a: Renounce Religion, Potion Petition, Call Merchant, Bribe Branch


You were on level 11 of the Dungeon.
You worshipped Gozag.
Gozag was pleased with you.
You visited 1 branch of the dungeon, and saw 11 of its levels.

You collected 2029 gold pieces.
You spent 1040 gold pieces at shops.
You paid 36 gold pieces to Gozag.

Inventory:

Missiles
 h - 118 stones (quivered)
 i - 6 boomerangs
 j - 44 poisoned darts
 r - 6 datura-tipped darts
 x - 2 curare-tipped darts
 P - a throwing net
Armour
 a - a +0 scale mail
 b - a +1 buckler (worn)
 k - the +6 chain mail of Dolats {Fly Will- rCorr Dex+4}
   (You took it off an orc on level 3 of the Dungeon)

   Dex+4:     It affects your dexterity (+4).
   Will-:     It decreases your willpower.
   Fly:       It grants you flight.
   rCorr:     It protects you from acid and corrosion.
 B - a +2 pair of gloves (worn)
 C - a +0 cloak (worn)
 D - a +0 pair of boots (worn)
 I - a +1 helmet (worn)
 L - the +6 ring mail of Amelioration (worn) {rElec rF+}
   (You found it on level 9 of the Dungeon)

   rF+:       It protects you from fire.
   rElec:     It insulates you from electricity.
Jewellery
 g - a +6 ring of strength
 q - a +6 ring of dexterity (right hand)
 H - an amulet of reflection (around neck)
 K - a ring of poison resistance (left hand)
 N - the ring "Jeeshem" {rF+ MP+9 Dex+5}
   (You took it off an orc warrior on level 9 of the Dungeon)

   [ring of protection from fire]

   Dex+5:     It affects your dexterity (+5).
   rF+:       It protects you from fire.
   MP+9:      It affects your magic capacity (+9).
Wands
 m - a wand of flame (29)
 v - a wand of paralysis (1)
 z - a wand of roots (12)
 O - a wand of acid (6)
 Q - a wand of polymorph (3)
Scrolls
 s - a scroll of silence
 t - a scroll of blinking
 w - a scroll of fear
 y - 2 scrolls of identify
 A - a scroll of brand weapon
 E - a scroll of enchant weapon
 J - a scroll of teleportation {unknown}
 M - 3 scrolls of enchant armour
 S - a scroll of immolation
Potions
 c - 2 potions of might
 d - 4 potions of curing
 e - 2 potions of heal wounds
 f - 4 potions of enlightenment {unknown}
 l - 4 potions of brilliance {unknown}
 n - 2 potions of degeneration {unknown}
 o - 2 potions of haste {unknown}
 p - 2 potions of attraction {unknown}
 u - 2 potions of lignification {unknown}
 F - 2 potions of magic {unknown}
 G - a potion of resistance
 R - a potion of berserk rage {unknown}
 T - a potion of ambrosia {unknown}


   Skills:
 - Level 10.0 Fighting
 - Level 2.1 Armour
 - Level 11.1 Dodging
 - Level 3.0 Shields
 + Level 15.1 Unarmed Combat


You had 10 spell levels left.
You didn't know any spells.
Your spell library contained the following spells:

 Spells                   Type           Power      Damage    Failure   Level
 Kiss of Death            Conj/Necr      0%         2d5       71%         1
 Magic Dart               Conj           0%         1d3       71%         1
 Blink                    Tloc           0%         N/A       85%         2
 Call Imp                 Summ           0%         N/A       85%         2
 Ensorcelled Hibernation  Hex/Ice        0%         N/A       85%         2
 Scorch                   Fire           0%         2d5       85%         2
 Sublimation of Blood     Necr           0%         N/A       85%         2
 Confusing Touch          Hex            0%         N/A       97%         3
 Gell's Gravitas          Tloc           0%         N/A       97%         3
 Passwall                 Erth           0%         N/A       97%         3
 Stone Arrow              Conj/Erth      0%         3d7       97%         3
 Swiftness                Air            0%         N/A       97%         3
 Teleport Other           Tloc           0%         N/A       97%         3
 Animate Armour           Summ/Erth      0%         N/A       100%        4
 Dispel Undead            Necr           0%         3d6       100%        4
 Sticky Flame             Fire/Alch      0%         2d4       100%        4
 Borgnjor's Vile Clutch   Necr/Erth      0%         N/A       100%        5
 Dispersal                Tloc           0%         N/A       100%        6
 Summon Hydra             Summ           0%         N/A       100%        7
 Lehudib's Crystal Spear  Conj/Erth      0%         10d2      100%        8
 Death's Door             Necr           0%         N/A       100%        9


Dungeon Overview and Level Annotations

Branches:
Dungeon (11/15)            Temple (0/1) D:4
   Lair: D:8-11         Orc: D:9-12

Altars:
Ashenzari
Cheibriados
Elyvilon
Gozag
Kikubaaqudgha
Makhleb
Okawaru
Qazlal
Ru
Trog
Vehumet
Wu Jian

Shops:
D:1 [   D:8 *=

Annotations:
D:5 2 transporters
D:9 1 runed translucent door, tinescath's ghost, novice CoGl


Innate Abilities, Weirdness & Mutations

((You are very nimble when in or above water. (Stealth+, EV+, Speed+++)))
Your lower body shifts to a powerful aquatic tail in water.


Message History

You pummel the five-headed hydra!!
The five-headed hydra is severely wounded.
The acid dragon bites you. The acid dragon closely misses you.
You take 1 damage, and have 50/90 hp.
You barely miss the five-headed hydra.
The five-headed hydra is severely wounded.
The five-headed hydra barely misses you.
The five-headed hydra bites you but does no damage. x4
You block the acid dragon's attack. The acid dragon barely misses you.
You punch the five-headed hydra!
The five-headed hydra is almost dead.
You block the five-headed hydra's attack.
The five-headed hydra misses you.
The five-headed hydra closely misses you. x2
The five-headed hydra bites you. You block the acid dragon's attack.
The acid dragon barely misses you.
You take 3 damage, and have 47/90 hp.
You hit the five-headed hydra.
The five-headed hydra is almost dead.
You block the five-headed hydra's attack.
The five-headed hydra bites you. The five-headed hydra bites you!
You block the five-headed hydra's attack.
The five-headed hydra closely misses you.
You take 12 damage, and have 35/90 hp.
You punch the five-headed hydra!
The five-headed hydra is almost dead.
The acid dragon spits acid at you. The splash of acid hits you!!
* * * LOW HITPOINT WARNING * * *
The acid corrodes you!
You take 18 damage, and have 17/90 hp.
You punch the five-headed hydra!
You kill the five-headed hydra!
The acid dragon misses you. You block the acid dragon's attack.
Your Unarmed Combat skill increases to level 15!
You barely miss the acid dragon. The acid dragon spits acid at you.
The splash of acid hits you!
You die...
Your body crumbles into a pile of gold.

#######.....###........
.........#### #........
#######.## #........
#.# ######.## ###.###
#.# #.....### #+#
#.......# #.....#.#
#.@...# .# #D$...# .#
.[.)...# # ..##.....#
## #.....# #.....#
#.....# ##.####


You could see an acid dragon (catching breath).

Vanquished Creatures
  An entropy weaver (shapeshifter) (D:9)
  A hydra (D:11)
  A boulder beetle (D:9)
  A two-headed ogre (D:8)
  A tengu warrior (D:9)
  3 cyclopes (D:9)
  2 kobold demonologists
  An unseen horror (D:11)
  A komodo dragon (D:10)
  2 polar bears (D:10)
  2 trolls (D:10)
  A hornet (D:9)
  2 wraiths (D:9)
  4 yaks (D:10)
  5 wyverns
  A basilisk (D:9)
  2 acid dragons
  An orc warrior (D:9)
  A black bear (D:7)
  A sky beast (D:3)
  2 ogres
  7 centaurs
  5 kobold brigands
  5 bullfrogs
  2 scorpions
  9 wights
  2 electric eels (D:9)
  6 howler monkeys
  2 gnoll boudas
  4 jellies
  A bombardier beetle (D:5)
  5 hounds
  A sleepcap (D:5)
  2 iguanas
  5 orc wizards
  15 gnolls
  7 adders
  A white imp (D:7)
  A howler monkey simulacrum (D:9)
  4 ufetubi
  A dart slug (D:3)
  19 orcs
  9 endoplasms
  4 giant cockroaches
  5 goblins
  15 hobgoblins
  2 jackals (D:4)
  14 kobolds
  3 quokkas
  3 ball pythons
  5 bats
  6 frilled lizards
  4 rats
210 creatures vanquished.

Notes
Turn   | Place    | Note
-------+----------+-------------------------------------------
     0 | D:1      | jasper the Merfolk Fighter began the quest for the Orb.
     0 | D:1      | Reached XP level 1. HP: 18/18 MP: 1/1
   129 | D:1      | Found Dapodys's Antique Armour Emporium.
   207 | D:1      | Reached XP level 2. HP: 24/24 MP: 2/2
   302 | D:1      | Reached skill level 3 in Unarmed Combat
   486 | D:1      | Got the Folio of Well-Done Cadavers
   634 | D:1      | Reached XP level 3. HP: 25/29 MP: 3/3
  1048 | D:2      | Found a faded altar of an unknown god.
  1124 | D:2      | Reached skill level 4 in Unarmed Combat
  1346 | D:2      | Reached XP level 4. HP: 35/35 MP: 4/4
  1434 | D:2      | Found an opulent altar of Gozag.
  1440 | D:2      | Became a worshipper of Gozag Ym Sagoz the Greedy
  2022 | D:3      | Identified the +6 chain mail of Dolats {Fly Will- rCorr
                  | Dex+4}
  2028 | D:3      | Reached skill level 5 in Unarmed Combat
  2200 | D:3      | Found a radiant altar of Vehumet.
  2253 | D:3      | Reached XP level 5. HP: 40/41 MP: 5/5
  2468 | D:3      | Found a stormy altar of Qazlal.
  2468 | D:3      | Noticed a sky beast
  2493 | D:3      | Killed a sky beast
  2494 | D:3      | Reached skill level 6 in Unarmed Combat
  2601 | D:3      | Reached XP level 6. HP: 42/47 MP: 6/6
  2645 | D:3      | Found an ornate altar of the Wu Jian Council.
  2741 | D:4      | You are sucked into a shaft and drop 2 floors!
  2942 | D:5      | Entered Level 5 of the Dungeon
  2955 | D:5      | Reached skill level 7 in Unarmed Combat
  3115 | D:5      | Found an iron altar of Okawaru.
  3320 | D:5      | Reached skill level 8 in Unarmed Combat
  3320 | D:5      | Reached XP level 7. HP: 48/52 MP: 7/7
  3368 | D:5      | Found a transporter.
  3371 | D:5      | Noticed a wyvern
  3383 | D:5      | Killed a wyvern
  3521 | D:5      | Reached skill level 9 in Unarmed Combat
  3543 | D:5      | Found a transporter.
  3546 | D:5      | Found a white marble altar of Elyvilon.
  4283 | D:4      | Reached XP level 8. HP: 57/58 MP: 8/8
  4311 | D:4      | Found a staircase to the Ecumenical Temple.
  4340 | D:4      | Found a sacrificial altar of Ru.
  4417 | D:4      | Reached skill level 10 in Unarmed Combat
  4486 | D:4      | Reached skill level 1 in Dodging
  4946 | D:6      | Identified the +1 rapier of Defiance {speed, rF- rCorr
                  | Int+5 Stlth-}
  5585 | D:7      | Reached skill level 5 in Dodging
  5961 | D:7      | Reached XP level 9. HP: 51/64 MP: 9/9
  6820 | D:1      | Bought a cloak for 94 gold pieces
  6820 | D:1      | Bought a pair of boots for 94 gold pieces
  6965 | D:8      | Found an ancient bone altar of Kikubaaqudgha.
  6977 | D:8      | Found a snail-covered altar of Cheibriados.
  6977 | D:8      | Found a burning altar of Makhleb.
  6978 | D:8      | Found a broken altar of Ashenzari.
  7041 | D:8      | Found Rtil's Retail Resort.
  7046 | D:8      | Bought a potion of resistance for 110 gold pieces
  7046 | D:8      | Bought an amulet of reflection for 330 gold pieces
  7052 | D:8      | Bought a wand of roots (5) for 132 gold pieces
  7165 | D:8      | Noticed a two-headed ogre
  7175 | D:8      | Killed a two-headed ogre
  7391 | D:8      | Found Faeqiwk's Jewellery Shoppe.
  7399 | D:8      | Bought a ring of poison resistance for 280 gold pieces
  7716 | D:8      | Reached skill level 5 in Fighting
  8222 | D:9      | Noticed a kobold demonologist
  8242 | D:9      | Noticed a soul eater
  8266 | D:9      | Killed a kobold demonologist
  8267 | D:9      | Reached XP level 10. HP: 70/80 MP: 10/10
  8453 | D:9      | Found a runed translucent door.
  8453 | D:9      | Noticed a manticore
  8455 | D:9      | Noticed tinescath's ghost (novice CoGl)
  8535 | D:9      | Noticed a cyclops
  8550 | D:9      | Killed a cyclops
  8551 | D:9      | Reached skill level 10 in Fighting
  8662 | D:9      | Noticed an entropy weaver
  8677 | D:9      | Killed an entropy weaver
  8684 | D:9      | Noticed a cyclops
  8696 | D:9      | Killed a cyclops
  8697 | D:9      | Reached skill level 11 in Unarmed Combat
  8885 | D:9      | Noticed a boulder beetle
  8927 | D:9      | Killed a boulder beetle
  8928 | D:9      | Reached skill level 12 in Unarmed Combat
  9007 | D:9      | Noticed a tengu warrior
  9019 | D:9      | Killed a tengu warrior
  9020 | D:9      | Reached XP level 11. HP: 82/90 MP: 11/11
  9090 | D:9      | Noticed a cyclops
  9101 | D:9      | Killed a cyclops
  9102 | D:9      | Reached skill level 13 in Unarmed Combat
  9161 | D:9      | Identified the +6 ring mail of Amelioration {rElec rF+}
  9572 | D:9      | Identified the ring "Jeeshem" {rF+ MP+9 Dex+5}
  9846 | D:10     | Entered Level 10 of the Dungeon
 10123 | D:10     | Reached skill level 14 in Unarmed Combat
 10609 | D:10     | Found a bloodstained altar of Trog.
 10760 | D:11     | Noticed a five-headed hydra
 10774 | D:11     | Killed a five-headed hydra
 10775 | D:11     | Reached skill level 15 in Unarmed Combat
 10775 | D:11     | Killed from afar by an acid dragon

Illustrated notes

Levels and vault maps discovered:
D:1:      dpeg_arrival_water_fire, layout_basic, serial_shops, shop
D:2:      layout_basic, basic_altar, shapermc_ecumenical_altar_mp_urbaneastern
D:3:      layout_basic, nicolae_qazlal_beasts_of_the_sky,
          mainiacjoe_overflow_concentric_impassable, nzn_wu_jian_council_hall
D:4:      layout_basic, kennysheep_mini_moat,
          minmay_temple_entry_drinking_statues, nicolae_the_louvre
D:5:      layout_basic, elyvilon_altar_4, okawaru_altar_gauntlet_db
D:6:      layout_basic, serial_aquarium, aquarium_bridge_square
          [aquarium_subvault_bridge, aquarium_subvault_balcony,
          aquarium_subvault_wall, aquarium_subvault_bridge],
          aquarium_window_corner, aquarium_window_fake, aquarium_window_2,
          aquarium_view_2d, aquarium_balcony_double_2, item_on_display_a
D:7:      layout_layer_cave, hex_large
D:8:      layout_layer_cave, grunt_temple_overflow_open, serial_shops, shop,
          minmay_statues_item, nicolae_alphabet_shops, grunt_decor_one_mirror,
          minmay_misc_feat_nine_boxes
D:9:      minmay_the_grid_3x2 [minmay_the_grid_zigzag_pyramid,
          minmay_the_grid_minigrid_medium, minmay_the_grid_spikes,
          minmay_the_grid_large_cup, minmay_the_grid_garden,
          minmay_the_grid_prize_inner_circle], layout_stronghold,
          ebering_ghost_inner_flame, st_stairs_7, kennysheep_island_fort
D:10:     layout_loops_cross, trog_ov_bears_minmay
D:11:     layout_roguey, lair_entry_dummy

Skill      XL: |  1  2  3  4  5  6  7  8  9 10 11 |
---------------+----------------------------------+-----
Unarmed Combat | 3 4 5 6 8 9 10 12 15 | 15.1
Dodging        | 8 11 | 11.1
Fighting       | 8 10 | 10.0
Armour         | |  2.1
Shields        | |  3.0

Action                     |  1- 3 |  4- 6 |  7- 9 | 10-12 || total
---------------------------+-------+-------+-------+-------++-------
  Melee: Unarmed           |   133 |   196 |   329 |   353 ||  1011
         Tailslap          |       |       |       |     1 ||     1
  Throw: Stone             |       |     1 |       |       ||     1
  Evoke: Wand              |       |       |       |     8 ||     8
    Use: Scroll            |     3 |     1 |     8 |       ||    12
         Potion            |       |       |     2 |       ||     2
   Stab: Distracted        |       |       |       |     1 ||     1
 Armour: Scale mail        |    78 |    41 |       |       ||   119
         Chain mail        |       |    71 |   190 |    96 ||   357
         Ring mail         |       |       |       |    80 ||    80
  Dodge: Dodged            |    58 |    43 |   157 |   151 ||   409
  Block: Buckler           |    33 |    51 |   152 |   199 ||   435
         Reflection        |       |       |    10 |    12 ||    22

Table legend: (Time is in decaauts)
 A = Elapsed time spent in this place.
 B = Non-inter-level travel time spent in this place.
 C = Inter-level travel time spent in this place.
 D = Time resting spent in this place.
 E = Time spent auto-exploring this place.
 F = Levels seen in this place.
 G = Mean time per level.
                   A        B        C        D        E       F      G
               +--------+--------+--------+--------+--------+-----+--------+
         Total |  10605 |   9844 |    761 |     40 |   7794 |  11 |  964.1 |
       Dungeon |  10605 |   9844 |    761 |     40 |   7794 |  11 |  964.1 |
               +--------+--------+--------+--------+--------+-----+--------+

Top non-repeatable levels by time:
     D:9: 1841 daAuts
     D:5: 1217 daAuts
     D:7: 1151 daAuts
     D:1: 1037 daAuts
     D:6: 1031 daAuts
     D:2: 993 daAuts
     D:8: 962 daAuts
     D:3: 812 daAuts
    D:10: 770 daAuts
     D:4: 668 daAuts
    D:11: 119 daAuts
